Match 37375321
Unlisted

Match 37375321
End
Construct Barracks
Selects Special Operations Battlegroup
Selects Special Operations Battlegroup
Selects M29 Weasel Recon Vehicle
M29 Weasel Recon Vehicle
Riflemen Squad
Riflemen Squad
Grenade Package
Riflemen Squad
Infantry Support Center
Selects Raiding Flares
Construct Weapon Support Center
M3 Armored Personnel Carrier
M1918 Browning Automatic Rifles
M3 Armored Personnel Carrier
Scout Squad
Engineer Squad
Advanced Logistics
Advanced Logistics
Selects P-47 Anti-Infantry Loiter
Selects UNKNOWN (2162291)
Selects SSF Commando Squad
Construct Tank Depot
Riflemen Squad
Selects Assault Operation
M4A1 Sherman Whizbang
Raiding Flares
Engineer Squad
M18 Hellcat Tank Destroyer
Raiding Flares
P-47 Anti-Infantry Loiter
M18 Hellcat Tank Destroyer
Raiding Flares
STALKER4732
kit.ohume
daspoulos
Bengasi
0
0

Comments sign in to comment!

No comments posted yet!